 Dungeon Crawl Stone Soup version 0.31.0-11-ge490571c62 (webtiles) character file.

Game seed: 15447797909314511016

212 qw the Skirmisher (level 5, -1/29 HPs)
             Began as a Deep Elf Hunter on Feb 4, 2024.
             Incinerated by a bombardier beetle (5 damage)
             ... with a burning spray
             ... on level 3 of the Dungeon.
             The game lasted 00:00:08 (2281 turns).

qw the Skirmisher (Deep Elf Hunter)                 Turns: 2281, Time: 00:00:09

Health: -1/29      AC:  6    Str: 10    XL:     5   Next: 58%
Magic:  7/7        EV: 11    Int: 14    God:
Gold:   240        SH:  0    Dex: 18    Spells: 4/4 levels left

rFire   . . .        a - +0 shortbow
rCold   . . .        (shield currently unavailable)
rNeg    . . .        f - +0 ring mail
rPois   +            (no helmet)
rElec   .            (no cloak)
rCorr   .            h - +0 pair of gloves
SInv    .            (no boots)
Will    .....        (no amulet)
Stlth   +            e - ring of poison resistance
HPRegen 0.24/turn    (no ring)
MPRegen 0.10/turn

%: no passive effects
@: on fire, glowing
A: no striking features
a: no special abilities


You were on level 3 of the Dungeon.
You visited 1 branch of the dungeon, and saw 3 of its levels.

You collected 240 gold pieces.


   Skills:
 + Level 1.5 Fighting
 - Level 9.1 Ranged Weapons
 - Level 2.4 Dodging
 - Level 1.2 Stealth


You had 4 spell levels left.
You didn't know any spells.
Your spell library was empty.

Inventory:

Hand Weapons
 a - a +0 shortbow (weapon)
Armour
 f - a +0 ring mail (worn)
 h - a +0 pair of gloves (worn)
Jewellery
 e - a ring of poison resistance (left hand)
Wands
 j - a wand of roots (12)
Scrolls
 b - a scroll of brand weapon {unknown}
 c - a scroll of enchant weapon {unknown}
 i - a scroll of amnesia {unknown}
 m - a scroll of torment {unknown}
Potions
 d - a potion of attraction {unknown}
 g - a potion of resistance {unknown}
 k - a potion of brilliance {unknown}
 l - a potion of curing {unknown}

Dungeon Overview and Level Annotations

Branches:
Dungeon (3/15)

Altars:
Ashenzari


Message History

a +0 whip; 3 stones; a dart slug corpse
Things that are here:
a +0 club; a goblin corpse A kobold comes into view.
It is wielding a +2 dagger of freezing.
The kobold shouts!
There is an open door here.
You shoot an arrow. The arrow hits the kobold!
You kill the kobold!
A bombardier beetle comes into view.
You shoot an arrow.
The arrow hits the bombardier beetle but does no damage.
You shoot an arrow. The arrow hits the bombardier beetle.
The bombardier beetle is lightly wounded.
The bombardier beetle bites you but does no damage.
You shoot an arrow. The arrow hits the bombardier beetle.
The bombardier beetle is heavily wounded.
You shoot an arrow. The arrow hits the bombardier beetle!
The bombardier beetle is almost dead.
The bombardier beetle sprays incendiary fluid at you.
The burning spray hits you.
You are covered in liquid fire!
You shoot an arrow.
The arrow barely misses the bombardier beetle.
The liquid fire burns you!
The bombardier beetle bites you but does no damage.
You shoot an arrow. The arrow hits the bombardier beetle.
You kill the bombardier beetle!
The liquid fire burns you!
Your Ranged Weapons skill increases to level 9!
You are on fire!
The liquid fire burns you!
You are on fire!
The liquid fire burns you!
You are on fire!
The liquid fire burns you!
You are on fire!
The liquid fire burns you!
You are on fire!
The liquid fire burns you!
You die...

#.##.#.##..##
##.#
#....###....##
###
###.##...##).#
#.##.###...#
#.####...###.
#.##...###...
#.##.###.....
#.##'#......#
#.##.@..).#
#.......###
####..### ####


There were no monsters in sight!

Vanquished Creatures
  A bombardier beetle (D:3)
  4 gnolls (D:3)
  8 adders
  2 dart slugs
  A ribbon worm (D:3)
  An orc (D:3)
  7 bats
  5 endoplasms
  2 giant cockroaches
  7 goblins
  3 hobgoblins (D:1)
  4 jackals
  2 quokkas
  4 ball pythons
  A frilled lizard (D:1)
  6 kobolds
  6 rats
64 creatures vanquished.

Notes
Turn   | Place    | Note
-------+----------+-------------------------------------------
     0 | D:1      | qw the Deep Elf Hunter began the quest for the Orb.
     0 | D:1      | Reached XP level 1. HP: 12/12 MP: 3/3
     0 | D:1      | 0 ||| qw: Version: 0.3-a-160-g6735b56
     0 | D:1      | 0 ||| qw: Game counter: 5595
     0 | D:1      | 0 ||| qw: Melee chars always use a shield: true
     0 | D:1      | 0 ||| qw: God list: Okawaru
     0 | D:1      | 0 ||| qw: Allow faded altars: false
     0 | D:1      | 0 ||| qw: Do Orc after clearing Dungeon:15 true
     0 | D:1      | 0 ||| qw: Do second Lair branch before Depths: true
     0 | D:1      | 0 ||| qw: Lair rune preference: random
     0 | D:1      | 0 ||| qw: Goals: Normal
     0 | D:1      | 0 ||| PLANNING D:1-11
    38 | D:1      | Reached XP level 2. HP: 15/16 MP: 4/4
    51 | D:1      | Reached skill level 6 in Ranged Weapons
   368 | D:1      | Reached XP level 3. HP: 20/20 MP: 5/5
   647 | D:1      | 647 ||| UPGRADING to +0 pair of gloves.
   652 | D:1      | 652 ||| DROPPING amulet of magic regeneration.
   653 | D:1      | 653 ||| UPGRADING to ring of poison resistance.
   654 | D:1      | 654 ||| READING scroll labelled BYMAPU QUMNE.
   657 | D:1      | 657 ||| READING scroll labelled LADAPS IWNIEG.
   658 | D:1      | 658 ||| READING scroll labelled UBROXYISHALA.
   659 | D:1      | 659 ||| DRINKING 2 blue potions.
   660 | D:1      | 660 ||| DROPPING scroll of butterflies.
   717 | D:2      | HP: 5/20 [poisoned by an adder]
   718 | D:2      | Reached skill level 7 in Ranged Weapons
   721 | D:2      | HP: 2/20 [poisoned by an adder]
   976 | D:2      | Reached XP level 4. HP: 25/25 MP: 6/6
  1326 | D:2      | 1326 ||| UPGRADING to +0 ring mail.
  1336 | D:2      | 1336 ||| DROPPING +0 leather armour.
  1337 | D:2      | 1337 ||| READING 2 scrolls labelled KIAMOO KUHOROE.
  1438 | D:2      | 1438 ||| DROPPING scroll of vulnerability.
  1506 | D:3      | HP: 6/25 [gnoll/+0 spear (2)]
  1507 | D:3      | 1507 ||| DRINKING potion of heal wounds.
  1516 | D:3      | Reached skill level 8 in Ranged Weapons
  1516 | D:3      | 1516 ||| FLEEEEING.
  1517 | D:3      | 1517 ||| FLEEEEING.
  1518 | D:3      | 1518 ||| FLEEEEING.
  1519 | D:3      | 1519 ||| FLEEEEING.
  1520 | D:3      | 1520 ||| FLEEEEING.
  1521 | D:3      | 1521 ||| FLEEEEING.
  1522 | D:3      | 1522 ||| FLEEEEING.
  1523 | D:3      | 1523 ||| FLEEEEING.
  1524 | D:3      | 1524 ||| FLEEEEING.
  1525 | D:3      | 1525 ||| FLEEEEING.
  1526 | D:3      | 1526 ||| FLEEEEING.
  1527 | D:3      | 1527 ||| FLEEEEING.
  1528 | D:3      | 1528 ||| FLEEEEING.
  1529 | D:3      | 1529 ||| FLEEEEING.
  1530 | D:3      | 1530 ||| FLEEEEING.
  1531 | D:3      | 1531 ||| FLEEEEING.
  1532 | D:3      | 1532 ||| FLEEEEING.
  1533 | D:3      | 1533 ||| FLEEEEING.
  1534 | D:3      | 1534 ||| FLEEEEING.
  1535 | D:3      | 1535 ||| FLEEEEING.
  1536 | D:3      | 1536 ||| FLEEEEING.
  1540 | D:3      | HP: 6/25 [gnoll/+0 whip (7)]
  1768 | D:3      | Found a broken altar of Ashenzari.
  1807 | D:3      | Reached XP level 5. HP: 23/29 MP: 7/7
  2277 | D:3      | Reached skill level 9 in Ranged Weapons
  2280 | D:3      | HP: 4/29 [burnt (5)]
  2281 | D:3      | Incinerated by a bombardier beetle

Levels and vault maps discovered:
D:1:      tarquinn_simple_flora_water_e, layout_basic, serial_forest,
          infiniplex_forest_end_3, infiniplex_forest_clump_cross,
          infiniplex_forest_end_2, infiniplex_forest_clump_large,
          infiniplex_forest_lined_2
D:2:      layout_basic, chequers_serial_rivers_micro_c
D:3:      minmay_razor_zed, layout_basic, amcnicky_altar_gilded

Skill      XL: |  1  2  3  4  5 |
---------------+----------------+-----
Ranged Weapons | 6 7 8 9 |  9.1
Fighting       | |  1.5
Dodging        | |  2.4
Stealth        | |  1.2

Action                     |  1- 3 |  4- 6 || total
---------------------------+-------+-------++-------
   Fire: Shortbow          |   115 |   113 ||   228
    Use: Scroll            |     3 |     1 ||     4
         Potion            |     1 |     1 ||     2
 Armour: Leather armour    |    30 |       ||    30
         Ring mail         |       |    60 ||    60
  Dodge: Dodged            |    25 |    45 ||    70

Table legend:
 A = Non-vault XP
 B = Vault XP
 C = Vault XP percentage of total XP
 D = Non-vault monster count
 E = Vault monster count
 F = Vault count percentage of total count
                 A         B        C        D         E       F
            +---------+---------+-------+---------+---------+-------
      Total |     264 |      39 |  12.9 |      57 |       7 |  10.9
            +---------+---------+-------+---------+---------+-------
        D:1 |      41 |       0 |   0.0 |      25 |       0 |   0.0
        D:2 |      70 |       0 |   0.0 |      13 |       0 |   0.0
        D:3 |     153 |      39 |  20.3 |      19 |       7 |  26.9
            +---------+---------+-------+---------+---------+-------
